 Dungeon Crawl Stone Soup version 0.25-a0-294-gea9b1ad378 (webtiles) character file.

Game seed: 1303086992914781037, levelgen mode: classic

41 Borgoz the Slasher (level 3, -2/23 HPs)
             Began as a Gargoyle Berserker on Dec 16, 2019.
             Was a Believer of Trog.
             Shot with an arrow by a centaur (4 damage)
             ... on level 2 of the Dungeon.
             The game lasted 00:02:00 (1695 turns).

Borgoz the Slasher (Gargoyle Berserker)             Turns: 1695, Time: 00:02:00

Health: -2/23      AC: 11    Str: 21    XL:     3   Next: 52%
Magic:  3/3        EV: 12    Int:  7    God:    Trog [**....]
Gold:   65         SH:  0    Dex:  9    Spells: 2/2 levels left

rFire    . . .     SeeInvis .   a - +0 falchion
rCold    . . .     Gourm    .   (no shield)
rNeg     + . .     Faith    .   b - +0 animal skin
rPois    ∞         Spirit   .   d - +0 helmet
rElec    +         Reflect  .   j - +0 cloak
rCorr    .         Harm     .   (no gloves)
MR       .....                  (no boots)
Stlth    +.........             (no amulet)
HPRegen  0.07/turn              e - +4 ring of protection
MPRegen  0.08/turn              (no ring)

@: no status effects
A: negative energy resistance 1, electricity resistance, unbreathing,
petrification resistance, rot immunity, AC +3
a: Berserk, Trog's Hand, Renounce Religion


You were on level 2 of the Dungeon.
You worshipped Trog.
Trog was pleased with you.
You were not hungry.

You visited 1 branch of the dungeon, and saw 2 of its levels.

You collected 65 gold pieces.

Inventory:

Hand Weapons
 a - a +0 falchion (weapon)
Missiles
 k - a throwing net (quivered)
Armour
 b - a +0 animal skin (worn)
 d - a +0 helmet (worn)
 j - a +0 cloak (worn)
Jewellery
 e - a +4 ring of protection (left hand)
Scrolls
 f - a scroll of remove curse
 g - 2 scrolls of identify {unknown}
 i - a scroll of blinking {unknown}
Potions
 h - a potion of brilliance {unknown}
 l - a potion of curing {unknown}
 n - a potion of agility {unknown}
Comestibles
 c - 2 rations
 m - 4 chunks of flesh


   Skills:
 - Level 3.3 Fighting
 * Level 3.4 Long Blades
 + Level 2.8 Armour
 + Level 2.0 Dodging


You had 2 spell levels left.
You didn't know any spells.
Your spell library was empty.

Dungeon Overview and Level Annotations

Branches:
Dungeon (2/15)

Altars:
Gozag
Uskayaw


Innate Abilities, Weirdness & Mutations

You are resistant to torment.
Your stone body is resilient. (AC +3)
You are immune to poison.
You resist negative energy. (rN+)
You are resistant to electric shocks. (rElec)
You can survive without breathing.
You are immune to petrification.
You are immune to rotting.


Message History

No reachable target in view!
No reachable target in view!
A centaur comes into view.
The centaur moves out of view.
The centaur shouts!
The centaur wields a +0 shortbow.
The centaur shoots an arrow.
The arrow hits you.
You see here an arrow.
The centaur shoots an arrow.
The arrow hits you.
You see here an arrow.
Found 21 poisoned darts.
The centaur shoots an arrow.
The arrow hits you!
You see here an arrow.
You are too injured to fight recklessly!
You are too injured to fight recklessly!
You are too injured to fight recklessly!
The centaur shoots an arrow.
The arrow hits you.
* * * LOW HITPOINT WARNING * * *
The centaur shoots an arrow.
The arrow hits you.
You die...

#######..#.#.############
##.#.#.# #...#.# ##..#.#
###### ### #..#.#
.........# ##.#.#
.._......# #...###
.........#########......
#####...........@.c...(.
#..(#.#.........(...>...
#..(#..............##...
#####.........(....# .
......#......(.....#
.#...##............#
....###............#
.#### #............# .#
#............#


You could see a centaur.

Vanquished Creatures
  An ooze (D:2)
  A worm (D:2)
  A dart slug (D:1)
  6 bats
  3 goblins (D:1)
  2 hobgoblins
  7 jackals (D:1)
  2 frilled lizards
  4 kobolds
  4 rats
31 creatures vanquished.

Notes
Turn   | Place    | Note
-------+----------+-------------------------------------------
     0 | D:1      | Borgoz the Gargoyle Berserker began the quest for the Orb.
     0 | D:1      | Reached XP level 1. HP: 14/14 MP: 1/1
   187 | D:1      | Reached XP level 2. HP: 6/19 MP: 2/2
   693 | D:1      | Reached XP level 3. HP: 23/23 MP: 3/3
  1572 | D:2      | Found an opulent altar of Gozag.
  1578 | D:2      | Reached ** piety under Trog
  1675 | D:2      | Noticed a +0 hand axe
  1675 | D:2      | Noticed a +0 dagger
  1679 | D:2      | Found a hide-covered altar of Uskayaw.
  1690 | D:2      | Noticed a centaur
  1695 | D:2      | Shot with an arrow by a centaur

Levels and vault maps discovered:
D:1:      dpeg_arrival_pond, layout_basic
D:2:      layout_basic, dancing_weapons_uskayaw, marbit_many_paths,
          lemuel_tele_altar

Skill      XL: |  1  2  3 |
---------------+----------+-----
Long Blades    | 3 |  3.4
Dodging        | 2 |  2.0
Fighting       | |  3.3
Armour         | |  2.8

Action                   || total
-------------------------++-------
Melee: Falchion          ||    91
  Use: Scroll            ||     1
  Eat: Ration            ||     1
Armor: Animal skin       ||    51
Dodge: Dodged            ||    75
       Rpst.: Falchion   ||    24

Table legend:
 A = Non-vault XP
 B = Vault XP
 C = Vault XP percentage of total XP
 D = Non-vault monster count
 E = Vault monster count
 F = Vault count percentage of total count
                 A         B        C        D         E       F
            +---------+---------+-------+---------+---------+-------
      Total |      59 |       0 |   0.0 |      31 |       0 |   0.0
            +---------+---------+-------+---------+---------+-------
        D:1 |      36 |       0 |   0.0 |      20 |       0 |   0.0
        D:2 |      23 |       0 |   0.0 |      11 |       0 |   0.0
            +---------+---------+-------+---------+---------+-------
